 Dungeon Crawl Stone Soup version 0.17-a0-848-g7e5c6af (webtiles) character file.

1225 ahoge the Skirmisher (level 8, 0/51 HPs)
             Began as a Gargoyle Berserker on Apr 27, 2015.
             Was an Elder of Trog.
             Killed by an exploding giant spore (38 damage)
             ... on level 6 of the Dungeon.
             The game lasted 00:16:59 (3527 turns).

ahoge the Skirmisher (Gargoyle Berserker)           Turns: 3527, Time: 00:16:59

Health: 0/51       AC: 15    Str: 21    XL:     8   Next: 47%
Magic:  8/8        EV: 13    Int:  8    God:    Trog [****..]
Gold:   225        SH:  0    Dex: 11    Spells: 0 memorised, 7 levels left

rFire  . . .     SeeInvis .     z - +2 flail (crush)
rCold  + . .     Clarity  .     e - +0 ring mail
rNeg   + . .     SustAb   .     (no shield)
rPois  ∞         Gourm    .     q - +0 helmet
rElec  +         Spirit   .     o - +2 cloak
rCorr  .         Warding  .     (no gloves)
rMut   .         Stasis   .     (no boots)
MR     .....                    (no amulet)
Stlth  +.........               F - ring of flight
                                f - ring of protection from cold

@: not resistant to hostile enchantments, very unstealthy
A: negative energy resistance 1, electricity resistance, unbreathing,
petrification resistance, rot immunity, AC +5
a: Burn Spellbooks, Berserk, Trog's Hand, Brothers in Arms, Renounce Religion,
Evoke Flight


You were on level 6 of the Dungeon.
You worshipped Trog.
Trog was greatly pleased with you.
You were not hungry.

You visited 1 branch of the dungeon, and saw 6 of its levels.

You collected 225 gold pieces.

Inventory:

Hand weapons
 a - a +0 mace
 y - a +0 whip
 z - a +2 flail of crushing (weapon)
Armour
 b - a +0 animal skin
 e - a +0 ring mail (worn)
 o - a +2 cloak (worn)
 q - a +0 helmet (worn)
Jewellery
 f - a ring of protection from cold (left hand)
 l - an uncursed ring of protection from cold
 F - a ring of flight (right hand)
Magical devices
 E - a wand of digging (8)
Scrolls
 g - 4 scrolls of remove curse {unknown}
 i - a scroll of noise {unknown}
 j - 2 scrolls of identify {unknown}
 s - 2 scrolls of enchant weapon {unknown}
 t - a scroll of random uselessness {unknown}
 x - 2 scrolls of blinking {unknown}
 C - 2 scrolls of amnesia {unknown}
 H - 2 scrolls of immolation {unknown}
Potions
 d - 2 potions of curing {unknown}
 h - a potion of restore abilities {unknown}
 k - a potion of cure mutation {unknown}
 n - a potion of resistance {unknown}
 p - 3 potions of magic {unknown}
 r - 2 potions of heal wounds {unknown}
 v - 3 potions of agility {unknown}
 w - a potion of invisibility {unknown}
 A - a potion of cancellation {unknown}
 D - a potion of ambrosia {unknown}
 G - a potion of brilliance {unknown}
 I - a potion of degeneration {unknown}
Comestibles
 c - 2 bread rations
 m - 6 chunks of flesh
 u - a slice of pizza
 B - 2 meat rations


   Skills:
 + Level 5.9 Fighting
 + Level 5.6 Maces & Flails
 + Level 4.5 Armour
 + Level 5.5 Dodging


You had 7 spell levels left.
You didn't know any spells.

Dungeon Overview and Level Annotations

Branches:
Dungeon (6/15)             Temple (0/1) D:4

Altars:
Ru
Trog


Innate Abilities, Weirdness & Mutations

You are resistant to torment.
Your stone body is resilient (AC +5).
You are immune to poison.
You resist negative energy.
You are resistant to electric shocks.
You can survive without breathing.
You are immune to petrification.
You are immune to rotting.


Message History

Done exploring.
There is a stone staircase leading down here.
Put on which piece of jewellery? (? for menu, Esc to quit)
F - a ring of flight (right hand)
You climb downwards.
There is a stone staircase leading up here.
You now have 225 gold pieces (gained 15).
As you open the door, it creaks loudly!
There is an open door here.
Found 4 tomahawks.
No target in view!
H - 2 scrolls labeled JOTSIAREJU (gained 1)
You open the door.
A giant spore comes into view.
The giant spore waves its rhizomes.
There is an open door here.
The giant spore explodes!
The explosion of spores engulfs you!
Ouch! That really hurt!
You die...

#..<##....#.....#
+...+.....#.....###
#...#.....#........
#...#.....'.........
##+####+###.........
...................
..........###+.....
......(..'....###
.........#@...#
.........#....#
..###+###....+ .
#....# ##+#.# .# . .


There were no monsters in sight!

Vanquished Creatures
  Grinder (D:5)
  2 ice beasts
  A phantom (D:5)
  A scorpion (D:4)
  The ghost of Sithun the Conjurer, a weakling DgCj (D:3)
  A giant frog zombie (D:5)
  5 orc wizards
  Ijyb (D:3)
  3 orc priests
  Natasha (thrice) (D:3)
  2 iguanas (D:5)
  3 worker ants
  Robin (D:2)
  9 adders
  2 shadow imps (D:5)
  2 oozes (D:1)
  An adder skeleton (D:4)
  4 worms
  17 orcs
  7 bats
  4 giant cockroaches
  11 goblins
  12 hobgoblins
  6 kobolds
  4 quokkas
  2 ball pythons
  4 giant geckos
  A giant gecko skeleton (D:4)
  2 giant newts
  2 jackals (D:4)
  8 rats
123 creatures vanquished.

Notes
Turn   | Place    | Note
--------------------------------------------------------------
     0 | D:1      | ahoge, the Gargoyle Berserker, began the quest for the Orb.
     0 | D:1      | Reached XP level 1. HP: 14/14 MP: 1/1
   137 | D:1      | Reached XP level 2. HP: 10/19 MP: 2/2
   272 | D:1      | Reached XP level 3. HP: 10/24 MP: 3/3
   581 | D:1      | Acquired Trog's second power
   601 | D:1      | Reached skill level 4 in Fighting
   856 | D:2      | Reached XP level 4. HP: 20/29 MP: 4/4
   966 | D:2      | Noticed Robin
   979 | D:2      | Killed Robin
  1574 | D:3      | Reached XP level 5. HP: 32/34 MP: 5/5
  1600 | D:3      | Found a sacrificial altar of Ru.
  1618 | D:3      | Noticed Ijyb
  1681 | D:3      | Killed Ijyb
  1715 | D:3      | Noticed Sithun's ghost (weakling DgCj)
  1736 | D:3      | Killed Sithun's ghost
  1767 | D:3      | Noticed Natasha
  1798 | D:3      | Killed Natasha
  1798 | D:3      | Reached XP level 6. HP: 19/39 MP: 6/6
  1804 | D:3      | Noticed Natasha
  1819 | D:3      | Killed Natasha
  2057 | D:3      | Noticed Natasha
  2067 | D:3      | Killed Natasha
  2074 | D:3      | Noticed an ice beast
  2124 | D:3      | Killed an ice beast
  2208 | D:3      | Found a bloodstained altar of Trog.
  2382 | D:4      | Found a staircase to the Ecumenical Temple.
  2513 | D:4      | Reached XP level 7. HP: 36/44 MP: 7/7
  3066 | D:5      | Entered Level 5 of the Dungeon
  3066 | D:5      | Noticed Grinder
  3072 | D:5      | Reached skill level 5 in Fighting
  3087 | D:5      | Killed Grinder
  3087 | D:5      | Reached skill level 5 in Maces & Flails
  3087 | D:5      | Reached XP level 8. HP: 19/50 MP: 8/8
  3214 | D:5      | Reached skill level 5 in Dodging
  3492 | D:5      | Acquired Trog's third power
  3527 | D:6      | Killed by an exploding giant spore

Action                   |  1- 3 |  4- 6 |  7- 9 || total
-------------------------+-------+-------+-------++-------
Melee: Mace              |   106 |   217 |       ||   323
       Whip              |       |   148 |    18 ||   166
       Flail             |       |       |   139 ||   139
Invok: Berserk           |       |     4 |       ||     4
       Trog's Hand       |       |     4 |       ||     4
  Eat: Chunk             |       |    10 |     4 ||    14
